[Event "Titled Tuesday Blitz June 14 Late 2022"]
[White "Omariev, Maksim"]
[Black "Prydun, Andriy"]
[WhiteFideId "4193423"]
[BlackFideId "14145898"]
[WhiteElo "2493"]
[BlackElo "2063"]
[Result "0-1"]
[Round "04"]
[TimeControl "180+1"]
[Date "2022.06.15"]
[WhiteClock "0:00:09"]
[BlackClock "0:00:23"]

1. b3 b6 2. Bb2 Bb7 3. h3 Nf6 4. g4 h6 5. Nf3 g5 6. Bg2 Bg7 7. c4 d6 8. d4 Nbd7 9. Nc3 e6 10. Qc2 Qe7 11. O-O-O O-O-O 12. Ne1 h5 13. Bxb7+ Kxb7 14. Rg1 hxg4 15. hxg4 Rh2 16. e3 d5 17. Nf3 Rhh8 18. Nxg5 Rdg8 19. f4 Bh6 20. Nxf7 Qxf7 21. g5 Bxg5 22. fxg5 Ne8 23. cxd5 exd5 24. e4 Nd6 25. exd5 Qf4+ 26. Qd2 Qf5 27. Rdf1 Qg6 28. Qc2 Rh5 29. Ba3 Rxg5 30. Qxg6 R8xg6 31. Rxg5 Rxg5 32. Bxd6 cxd6 33. Rf7 Kc8 34. Kd2 a6 35. Kd3 Kc7 36. Ke4 Rg2 37. Kf4 Rf2+ 38. Kg5 Rxf7 39. Ne4 Re7 40. Kf4 Rxe4+ 41. Kxe4 Nf6+ 42. Kd3 Nxd5 43. Kc4 Ne7 44. a4 d5+ 45. Kb4 a5+ 46. Kb5 Kb7 47. b4 axb4 48. Kxb4 Ka6 49. Kb3 Ka5 50. Ka3 Nc6 51. Kb3 Nb8 52. Ka3 Nd7 53. Kb3 Nf6 54. Ka3 Ne4 55. Kb3 Nf2 56. Ka3 Nd3 57. Kb3 Nf4 58. Ka3 Ne2 59. Kb3 Nxd4+ 60. Ka3 Nc6 61. Kb3 d4 62. Kc4 Kxa4 0-1


[Site "https://www.chess.com"]

[Event "Titled Tuesday Blitz June 14 Late 2022"]
[White "Peng, David Yu"]
[Black "Seletsky, Grigory"]
[WhiteFideId "2605376"]
[BlackFideId "14112191"]
[WhiteElo "2166"]
[BlackElo "2492"]
[Result "1-0"]
[Round "04"]
[TimeControl "180+1"]
[Date "2022.06.15"]
[WhiteClock "0:01:02"]
[BlackClock "0:00:07"]

1. e4 c5 2. Nf3 d6 3. c3 Nf6 4. h3 g6 5. Bd3 Nc6 6. O-O Bg7 7. Re1 e5 8. Bc2 O-O 9. d4 Re8 10. d5 Nb8 11. a4 Nbd7 12. c4 Nh5 13. Nc3 Nf8 14. Bg5 Bf6 15. Bd2 Nf4 16. Ne2 g5 17. Nxf4 exf4 18. Bc3 Ng6 19. e5 dxe5 20. Qd3 Bg7 21. d6 f5 22. Qd5+ Be6 23. Qxb7 Rb8 24. Qxa7 Qxd6 25. Rad1 Qb6 26. Qxb6 Rxb6 27. a5 Ra6 28. Ba4 Bxc4 29. Bxe8 e4 30. Nd2 Bd3 31. Bxg6 hxg6 32. Bxg7 Kxg7 33. Ra1 Kf6 34. Nb3 Ra7 35. Nxc5 Bb5 36. b4 g4 37. hxg4 fxg4 38. Nxe4+ Kg7 39. Nd6 Bd3 40. b5 g3 41. b6 Ra8 42. Ra3 Ba6 43. fxg3 1-0


[Site "https://www.chess.com"]

[Event "Titled Tuesday Blitz June 14 Late 2022"]
[White "Perera Alfonso, Rene Humberto"]
[Black "Mekhitarian, Krikor Sevag"]
[WhiteFideId "3514722"]
[BlackFideId "2107660"]
[WhiteElo "2313"]
[BlackElo "2611"]
[Result "1/2-1/2"]
[Round "04"]
[TimeControl "180+1"]
[Date "2022.06.15"]
[WhiteClock "0:00:13"]
[BlackClock "0:00:16"]

1. e4 e5 2. Nf3 Nf6 3. Nxe5 d6 4. Nf3 Nxe4 5. d4 d5 6. Bd3 Bd6 7. O-O O-O 8. c4 c6 9. Nc3 Nxc3 10. bxc3 dxc4 11. Bxc4 Bf5 12. Re1 Nd7 13. Bg5 Qa5 14. Qd2 Nb6 15. Bb3 Rae8 16. h3 Nd5 17. Rxe8 Rxe8 18. Re1 Rxe1+ 19. Qxe1 Qxc3 20. Qe8+ Bf8 21. Be7 Qc1+ 22. Kh2 h6 23. Qxf8+ Kh7 24. Bd6 Be6 25. Qd8 b5 26. Qh4 a5 27. Be5 a4 28. Bxd5 Bxd5 29. Qg4 f6 30. Qf5+ Kh8 31. Nh4 fxe5 32. Ng6+ Kg8 33. Ne7+ Kh8 34. Qc8+ Kh7 35. Qf5+ Kh8 36. Ng6+ Kg8 37. Ne7+ Kh8 1/2-1/2


[Site "https://www.chess.com"]

[Event "Titled Tuesday Blitz June 14 Late 2022"]
[White "Sadhwani, Raunak"]
[Black "Kosteniuk, Alexandra"]
[WhiteFideId "35093487"]
[BlackFideId "4128125"]
[WhiteElo "2616"]
[BlackElo "2469"]
[Result "0-1"]
[Round "04"]
[TimeControl "180+1"]
[Date "2022.06.14"]
[WhiteClock "0:00:10"]
[BlackClock "0:00:05"]

1. e4 e5 2. Nf3 Nc6 3. Bb5 a6 4. Ba4 Nf6 5. d3 d6 6. c3 g6 7. Nbd2 Bg7 8. Nf1 O-O 9. Ng3 b5 10. Bc2 d5 11. O-O h6 12. h3 Re8 13. Be3 Bb7 14. Qc1 Kh7 15. a4 Qd6 16. b4 d4 17. cxd4 exd4 18. Bd2 Nd7 19. Rb1 Rac8 20. Nh2 Ne7 21. axb5 axb5 22. f4 c5 23. bxc5 Qxc5 24. Bb3 f5 25. Be6 Qd6 26. Bxd7 Rxc1 27. Bxe8 Rxf1+ 28. Nhxf1 Bc6 29. Bb4 Qe6 30. Re1 fxe4 31. Nxe4 Qd5 32. Bxe7 Bxe8 33. Nf6+ Bxf6 34. Bxf6 Bc6 35. Re2 b4 36. Nd2 b3 37. Nf3 Qf5 38. Bxd4 Bxf3 39. gxf3 Qxf4 40. Bb2 Qxf3 41. Re7+ Kg8 42. Rg7+ Kf8 43. Rxg6 Qd1+ 44. Kh2 Qc2+ 45. Rg2 Qxd3 46. Rf2+ Ke7 47. Rg2 Ke6 48. Rf2 Qd6+ 49. Kg2 Qd5+ 50. Kg3 h5 51. Kh4 Qc5 52. Re2+ Kf7 53. Rg2 Qf5 54. Kg3 Qg5+ 55. Kh2 Qf4+ 56. Kg1 Qe3+ 57. Kh2 h4 58. Rg7+ Ke6 59. Rg2 Kf5 60. Bg7 Qf4+ 61. Kg1 Qc1+ 62. Kh2 Qc7+ 63. Kg1 Ke4 64. Bb2 Kf3 65. Rd2 Qc5+ 66. Kf1 Qc4+ 67. Kg1 Qc5+ 68. Kf1 Qb5+ 69. Kg1 Qb6+ 70. Kf1 Qa6+ 71. Kg1 Qg6+ 72. Kf1 Ke3 73. Re2+ Kd3 74. Rf2 Qg3 75. Ke1 Qe3+ 76. Kf1 Qxh3+ 77. Kg1 Qg3+ 78. Rg2 Qe1+ 79. Kh2 Kc4 80. Kh3 Qe3+ 81. Kxh4 Qf3 82. Rh2 Kd5 83. Rd2+ Ke4 84. Rd4+ Kf5 85. Rd8 Qf2+ 86. Kh3 Qxb2 0-1


[Site "https://www.chess.com"]

[Event "Titled Tuesday Blitz June 14 Late 2022"]
[White "Salem, A.R. Saleh"]
[Black "Mikhailov, Viacheslav"]
[WhiteFideId "9301348"]
[BlackFideId "4187369"]
[WhiteElo "2679"]
[BlackElo "2381"]
[Result "1-0"]
[Round "04"]
[TimeControl "180+1"]
[Date "2022.06.14"]
[WhiteClock "0:01:32"]
[BlackClock "0:00:46"]

1. d4 Nf6 2. c4 g6 3. Nc3 Bg7 4. e4 O-O 5. Nf3 d6 6. Be2 Bg4 7. Be3 Nc6 8. d5 Bxf3 9. gxf3 Ne5 10. f4 Ned7 11. h4 c6 12. h5 cxd5 13. cxd5 Qa5 14. Kf1 Rfc8 15. Bf3 b5 16. Kg2 b4 17. Ne2 Nc5 18. Ng3 Qb5 19. e5 Nfd7 20. hxg6 hxg6 21. e6 fxe6 22. dxe6 Nf6 23. f5 Nd3 24. fxg6 Nxb2 25. Qd4 Nc4 26. Bh6 Ne5 27. Nf5 Nxf3 28. Nxe7+ Kf8 29. Qxf6+ Ke8 30. Qf7+ Kd8 31. Nc6+ Qxc6 32. e7+ Kc7 33. e8=Q+ Kb6 34. Qxc6+ Rxc6 35. Be3+ 1-0


[Site "https://www.chess.com"]

[Event "Titled Tuesday Blitz June 14 Late 2022"]
[White "Salimova, Nurgyul"]
[Black "Donskov, Anatoly"]
[WhiteFideId "2915138"]
[BlackFideId "24143413"]
[WhiteElo "2184"]
[BlackElo "2219"]
[Result "1/2-1/2"]
[Round "04"]
[TimeControl "180+1"]
[Date "2022.06.14"]
[WhiteClock "0:00:04"]
[BlackClock "0:00:16"]

1. d4 d5 2. Nf3 Nf6 3. c4 dxc4 4. e3 Bg4 5. Bxc4 e6 6. O-O Nc6 7. h3 Bh5 8. Nc3 a6 9. Be2 Bd6 10. b3 O-O 11. Bb2 Qe7 12. Rc1 Rad8 13. Nd2 Bxe2 14. Qxe2 e5 15. d5 Nb8 16. e4 Nbd7 17. Nc4 Rfe8 18. Nxd6 cxd6 19. Ba3 Nf8 20. Qe3 Ng6 21. Ne2 Nh5 22. g3 Nf6 23. Rc2 h5 24. Rfc1 Rd7 25. Bb4 h4 26. g4 Nh7 27. Bd2 f6 28. Rc8 Ng5 29. Kg2 Rxc8 30. Rxc8+ Rd8 31. Rc2 Re8 32. f3 Nf8 33. Qb6 Rd8 34. Rc7 Rd7 35. Rc8 Kf7 36. Be1 Ng6 37. Bd2 Nh7 38. Be3 Ngf8 39. a4 g5 40. b4 Ng6 41. b5 axb5 42. axb5 Nhf8 43. Nc1 Nf4+ 44. Bxf4 exf4 45. Nd3 Ng6 46. Qa7 Ne5 47. Rh8 Nxd3 48. Rh7+ Kg6 49. Rxe7 Rxe7 50. Qb8 Rd7 51. Qe8+ Rf7 52. Qg8+ Rg7 53. Qe6 Rc7 54. Qxd6 Rc2+ 55. Kg1 Ne5 56. Qf8 Nxf3+ 57. Kf1 Nh2+ 58. Ke1 Nf3+ 59. Kd1 Rd2+ 60. Kc1 Rd4 61. Qg8+ Kh6 62. Qf8+ Kg6 63. d6 Ne5 64. Qe8+ Kg7 65. Qe7+ Kg6 66. b6 f3 67. Qe8+ Kh6 68. Qh8+ Kg6 69. Qg8+ Kh6 70. Qh8+ Kg6 71. Qg8+ Kh6 72. Qh8+ 1/2-1/2


[Site "https://www.chess.com"]

[Event "Titled Tuesday Blitz June 14 Late 2022"]
[White "Sanal, Vahap"]
[Black "Przybylski, Wojciech"]
[WhiteFideId "6300545"]
[BlackFideId "1117599"]
[WhiteElo "2574"]
[BlackElo "2133"]
[Result "1-0"]
[Round "04"]
[TimeControl "180+1"]
[Date "2022.06.14"]
[WhiteClock "0:02:31"]
[BlackClock "0:00:03"]

1. e4 e5 2. Nc3 Nc6 3. Bc4 Nf6 4. d3 Be7 5. f4 d6 6. Nf3 O-O 7. O-O a6 8. a4 Bg4 9. h3 Bxf3 10. Qxf3 Nd4 11. Qd1 c6 12. fxe5 dxe5 13. a5 h6 14. Be3 Bb4 15. Ne2 Nxe2+ 16. Qxe2 Bxa5 17. Rxa5 Qxa5 18. Rxf6 gxf6 19. Qg4+ Kh8 20. Qh4 Kg8 21. Bxh6 Qa1+ 22. Kh2 1-0


[Site "https://www.chess.com"]

[Event "Titled Tuesday Blitz June 14 Late 2022"]
[White "Seo, Jung Min"]
[Black "Martinez Alcantara, Jose Eduardo"]
[WhiteFideId "1734687"]
[BlackFideId "3805662"]
[WhiteElo "2414"]
[BlackElo "2703"]
[Result "0-1"]
[Round "04"]
[TimeControl "180+1"]
[Date "2022.06.14"]
[WhiteClock "0:00:06"]
[BlackClock "0:00:14"]

1. d4 Nf6 2. c4 e6 3. Nc3 Bb4 4. Qc2 d6 5. a3 Bxc3+ 6. Qxc3 Nbd7 7. g3 O-O 8. Bg2 e5 9. Nf3 Re8 10. O-O e4 11. Ng5 d5 12. cxd5 Nb6 13. Nh3 Nbxd5 14. Qc2 h6 15. Nf4 Nb6 16. e3 Bf5 17. Bd2 Qd7 18. Rfc1 c6 19. b4 g5 20. Ne2 Bh3 21. Bh1 Nbd5 22. Nc3 Qf5 23. Nxd5 cxd5 24. Be1 Rac8 25. Qd2 Bg4 26. Bg2 Bh3 27. Bh1 Bg4 28. Bg2 Bf3 29. Bf1 h5 30. Rxc8 Rxc8 31. Rc1 Re8 32. h3 Rc8 33. b5 b6 34. a4 Kg7 35. Rxc8 Qxc8 36. Qc3 Qxc3 37. Bxc3 Ne8 38. a5 f6 39. Bb4 Kf7 40. axb6 axb6 41. Bc5 Ke6 42. Bxb6 Kd7 43. Bc5 Nd6 44. b6 Nc4 45. b7 Kc7 46. Be7 Kxb7 47. Bxf6 g4 48. h4 Kc6 49. Bg5 Bd1 50. Bf6 Kb6 51. Be5 Nd2 52. Bg2 Be2 53. Bf4 Kb5 54. Bd6 Kc4 55. Bc7 Kb4 56. Bd8 Bb5 57. Bc7 Bc4 58. Bd8 Bd3 59. Bc7 Ka4 60. Bd8 Nc4 61. Bc7 Kb3 62. Bd8 Kc2 63. Bc7 Kd1 64. Bd8 Ke1 65. Bc7 Be2 66. Bd8 Kd1 67. Bc7 Na3 68. Ba5 Nb5 69. Bb4 Bd3 70. Ba5 Kc2 71. Bb4 Be2 72. Ba5 Nd6 73. Bb4 Nc4 74. Kh2 Nb2 75. Kg1 Nd3 76. Ba5 Kd1 77. Bc3 Nc1 78. Bb2 Nd3 79. Bc3 Kc1 80. Ba5 Kc2 81. Kh2 Nc1 82. Kg1 Bc4 83. Bb4 Kb3 84. Bd2 Ne2+ 85. Kh2 Kc2 86. Ba5 Kd1 87. Bf1 Nxd4 88. exd4 Bxf1 89. Kg1 Bc4 90. Bc7 Ke2 91. Bf4 Kf3 92. Be3 Bd3 93. Kh2 Ke2 94. Kg1 Bc4 95. Kh2 Kf1 96. Kh1 Bd3 97. Kh2 Bc4 98. Kh1 Be2 99. Kh2 Bf3 100. Bg5 Kxf2 101. Bf4 e3 0-1


[Site "https://www.chess.com"]

[Event "Titled Tuesday Blitz June 14 Late 2022"]
[White "Sjugirov, Sanan"]
[Black "Martin Carmona, Gaston Manuel"]
[WhiteFideId "4189302"]
[BlackFideId "22284567"]
[WhiteElo "2602"]
[BlackElo "2162"]
[Result "1-0"]
[Round "04"]
[TimeControl "180+1"]
[Date "2022.06.14"]
[WhiteClock "0:01:31"]
[BlackClock "0:00:22"]

1. e4 c5 2. Nf3 d6 3. d4 cxd4 4. Nxd4 Nf6 5. Nc3 g6 6. Be3 Bg7 7. f3 Nc6 8. Qd2 O-O 9. O-O-O d5 10. Nxc6 bxc6 11. Bh6 Bxh6 12. Qxh6 e5 13. h4 d4 14. h5 Be6 15. hxg6 fxg6 16. Na4 Rb8 17. b3 Qe7 18. Kb1 a5 19. Qg5 Qd6 20. Nb2 a4 21. Nc4 Bxc4 22. Bxc4+ Kg7 23. Qh6+ Kh8 24. Qxg6 Rb7 25. Rh6 a3 26. Rdh1 Qb4 27. Bg8 Rxg8 28. Qxf6+ Rgg7 29. Rxh7+ 1-0


[Site "https://www.chess.com"]

[Event "Titled Tuesday Blitz June 14 Late 2022"]
[White "Sowa, Ryan"]
[Black "Ibarra Jerez, Jose Carlos"]
[WhiteFideId "30901693"]
[BlackFideId "2226332"]
[WhiteElo "2565"]
[BlackElo "2628"]
[Result "0-1"]
[Round "04"]
[TimeControl "180+1"]
[Date "2022.06.14"]
[WhiteClock "0:01:24"]
[BlackClock "0:00:33"]

1. Nf3 c5 2. c4 Nc6 3. d4 cxd4 4. Nxd4 Nf6 5. Nc3 e6 6. a3 Bc5 7. Nb3 Bb6 8. e4 d6 9. Be2 O-O 10. O-O a6 11. Qd3 Ne5 12. Qg3 Kh8 13. c5 Ba7 14. cxd6 Ng6 15. e5 Nd7 16. Bf4 Nxf4 17. Qxf4 f6 18. exf6 Nxf6 19. Rad1 Nd5 20. Qc4 Qxd6 21. Nxd5 exd5 22. Qxd5 Qxd5 23. Rxd5 Be6 24. Rd3 Bc4 25. Nc1 Bxd3 26. Nxd3 Rac8 27. Bf3 Rcd8 28. Nb4 Rd2 29. b3 a5 30. Nd5 Rd8 31. Nf4 Rb2 32. a4 g6 33. Bxb7 Rxf2 0-1


[Site "https://www.chess.com"]

[Event "Titled Tuesday Blitz June 14 Late 2022"]
[White "Steinberg, Nitzan"]
[Black "Goncalves, Davi Sulzbacher"]
[WhiteFideId "2801795"]
[BlackFideId "2154510"]
[WhiteElo "2471"]
[BlackElo "2107"]
[Result "1-0"]
[Round "04"]
[TimeControl "180+1"]
[Date "2022.06.15"]
[WhiteClock "0:00:26"]
[BlackClock "0:00:07"]

1. Nf3 Nf6 2. d4 g6 3. c4 Bg7 4. Nc3 d5 5. g3 O-O 6. Bg2 dxc4 7. O-O c6 8. a4 Na6 9. e4 Bg4 10. Be3 Nb4 11. h3 Bxf3 12. Bxf3 a5 13. Be2 Qd7 14. Kg2 b5 15. f4 Qe6 16. Qb1 Nd3 17. e5 b4 18. Nd1 Nd5 19. b3 Qf5 20. bxc4 Nxe3+ 21. Nxe3 Qe4+ 22. Rf3 Qxd4 23. Bxd3 Rfd8 24. Ng4 Ra7 25. Ra2 Rad7 26. Nf2 c5 27. Qb3 h5 28. Be4 e6 29. Rd3 Qxe4+ 30. Nxe4 Rxd3 31. Qb1 R3d4 32. Nd6 Bf8 33. Nb7 R8d7 34. Nxa5 h4 35. Nc6 Rd3 36. gxh4 Bh6 37. a5 Rc3 38. a6 Rdd3 39. Qxd3 1-0


[Site "https://www.chess.com"]

[Event "Titled Tuesday Blitz June 14 Late 2022"]
[White "Svane, Rasmus"]
[Black "Shirov, Alexei"]
[WhiteFideId "4657101"]
[BlackFideId "2209390"]
[WhiteElo "2674"]
[BlackElo "2678"]
[Result "1-0"]
[Round "04"]
[TimeControl "180+1"]
[Date "2022.06.14"]
[WhiteClock "0:00:48"]
[BlackClock "0:01:08"]

1. Nf3 d5 2. g3 g6 3. Bg2 Bg7 4. d4 Nf6 5. O-O O-O 6. c3 Nbd7 7. a4 c5 8. a5 Re8 9. Bf4 Nh5 10. Be3 cxd4 11. cxd4 Ndf6 12. Nc3 Ne4 13. Qb3 Nhf6 14. Rfc1 Ng4 15. Nxe4 Nxe3 16. Qxe3 dxe4 17. Qxe4 Rb8 18. Qf4 Be6 19. e3 h6 20. Ne5 Qd6 21. Rc5 Rec8 22. Rac1 b6 23. Rxc8+ Rxc8 24. Rxc8+ Bxc8 25. Qxf7+ Kh7 26. Be4 Qf6 27. Bxg6+ Kh8 28. axb6 axb6 29. Qd5 Be6 30. Qd8+ Qf8 31. Qxb6 Bd5 32. Bc2 Bxe5 33. Qg6 1-0


[Site "https://www.chess.com"]

[Event "Titled Tuesday Blitz June 14 Late 2022"]
[White "Thiel, Thomas"]
[Black "Joubert, Dantelle"]
[WhiteFideId "4615964"]
[BlackFideId "14310813"]
[WhiteElo "2266"]
[BlackElo "1507"]
[Result "1-0"]
[Round "04"]
[TimeControl "180+1"]
[Date "2022.06.15"]
[WhiteClock "0:00:07"]
[BlackClock "0:00:01"]

1. e4 e5 2. Nf3 Nc6 3. d4 exd4 4. Nxd4 Nf6 5. Nxc6 bxc6 6. e5 Qe7 7. Qe2 Nd5 8. h4 d6 9. c4 Ba6 10. exd6 Qxe2+ 11. Bxe2 Nb4 12. d7+ Kxd7 13. Na3 Re8 14. Be3 f5 15. O-O-O+ Kc8 16. Kb1 Bd6 17. Rhe1 Re6 18. Nc2 Nxc2 19. Kxc2 Bb4 20. Bd2 Bxd2 21. Rxd2 Rhe8 22. Kc3 Re4 23. b3 Rxh4 24. Red1 Rhe4 25. Bf3 R4e6 26. Rd7 R8e7 27. Rxe7 Rxe7 28. Bxc6 Bb7 29. Bxb7+ Kxb7 30. Rd5 g6 31. a4 Kc6 32. Ra5 Kb6 33. Rb5+ Kc6 34. Rd5 Re2 35. Rd2 Re7 36. b4 Re4 37. b5+ Kb7 38. Rd7 h5 39. Rg7 Rg4 40. g3 g5 41. a5 a6 42. bxa6+ Kxa6 43. Rxc7 Kxa5 44. Ra7+ Kb6 45. Rh7 h4 46. gxh4 gxh4 47. Kb4 Rf4 48. Rh6+ Kc7 49. Kc5 Rxf2 50. Rh7+ Kd8 51. Kc6 Re2 52. Rh8+ Ke7 53. Rxh4 Re4 54. Rh7+ 1-0


[Site "https://www.chess.com"]

[Event "Titled Tuesday Blitz June 14 Late 2022"]
[White "Titichoca Daza, Daniel"]
[Black "Djokic, Mihailo"]
[WhiteFideId "3309550"]
[BlackFideId "976440"]
[WhiteElo "1912"]
[BlackElo "2255"]
[Result "0-1"]
[Round "04"]
[TimeControl "180+1"]
[Date "2022.06.15"]
[WhiteClock "0:00:01"]
[BlackClock "0:00:07"]

1. Nf3 Nf6 2. g3 g6 3. Bg2 Bg7 4. O-O O-O 5. c4 d6 6. d4 Nc6 7. Nc3 a6 8. e3 e5 9. a3 Bf5 10. b4 Ne4 11. Nd5 exd4 12. exd4 Bg4 13. Be3 Qd7 14. h3 Bxh3 15. Qc2 Bxg2 16. Kxg2 Rfe8 17. Rh1 h5 18. Rh4 Nf6 19. Nf4 Ng4 20. Bd2 Nxd4 21. Nxd4 Bxd4 22. Rah1 Nxf2 23. Bc3 Bxc3 24. Qxc3 Ne4 25. Qd4 Qa4 26. Qd3 Ng5 27. Nd5 Qc6 28. Kf2 Kg7 29. Qd4+ Re5 30. Rxh5 gxh5 31. Rxh5 f6 32. Qf4 Rxd5 33. cxd5 Qxd5 34. g4 Qe5 35. Qc4 Ne4+ 36. Kf1 Ng3+ 37. Kg2 Nxh5 38. Qxc7+ Kg6 39. gxh5+ Qxh5 40. Qxb7 Rg8 41. Qxa6 Kf7+ 42. Kf2 Qf5+ 43. Ke3 Rg3+ 44. Kd4 Qe5+ 45. Kc4 Qe2+ 46. Kd5 Qxa6 47. a4 Rd3+ 48. Ke4 Qc4+ 49. Kf5 Rd5# 0-1


[Site "https://www.chess.com"]

[Event "Titled Tuesday Blitz June 14 Late 2022"]
[White "Urbina Perez, Juan Antonio"]
[Black "Bolanos, Fernando"]
[WhiteFideId "2217368"]
[BlackFideId "3304094"]
[WhiteElo "2192"]
[BlackElo "2048"]
[Result "1-0"]
[Round "04"]
[TimeControl "180+1"]
[Date "2022.06.15"]
[WhiteClock "0:00:08"]
[BlackClock "0:00:02"]

1. d4 Nf6 2. Nf3 c6 3. c4 d5 4. Qc2 g6 5. e3 Bg7 6. Bd2 O-O 7. h3 Na6 8. Bd3 dxc4 9. Qxc4 Qb6 10. Qc1 Nb4 11. Be2 Bf5 12. Bxb4 Qxb4+ 13. Qc3 Qb6 14. O-O Rac8 15. Qa3 Ne4 16. Nc3 c5 17. Nxe4 Bxe4 18. Rfd1 Bxf3 19. Bxf3 cxd4 20. Qxe7 Rc7 21. Qa3 dxe3 22. Qxe3 Qxb2 23. Rab1 Qxa2 24. Rxb7 Rxb7 25. Bxb7 a5 26. Bd5 Qb2 27. Qe4 Qb4 28. Qc2 a4 29. Rb1 Qa5 30. Qa2 a3 31. Rb7 Rd8 32. Rxf7 Qxd5 33. Qxd5 Rxd5 34. Ra7 Bb2 35. Kh2 Rf5 36. f3 Rf7 37. Ra8+ Kg7 38. Kg3 h5 39. h4 Rc7 40. Ra6 Rb7 41. Kf4 Rb5 42. Ke4 Re5+ 43. Kd3 Re2 44. Kxe2 Kf7 45. Kd3 Kg7 46. Kc2 Kf7 47. g4 hxg4 48. fxg4 Kg7 49. Kb3 Kf7 50. g5 Bc1 51. Kc4 Bb2 52. Kd5 Ke7 53. Ra7+ Kf8 54. Ke6 Ke8 55. Ra8# 1-0


[Site "https://www.chess.com"]

[Event "Titled Tuesday Blitz June 14 Late 2022"]
[White "Vasquez Schroeder, Rodrigo"]
[Black "Ivic, Velimir"]
[WhiteFideId "3400042"]
[BlackFideId "950122"]
[WhiteElo "2567"]
[BlackElo "2610"]
[Result "0-1"]
[Round "04"]
[TimeControl "180+1"]
[Date "2022.06.14"]
[WhiteClock "0:01:40"]
[BlackClock "0:00:37"]

1. e4 c5 2. Nf3 Nc6 3. d4 cxd4 4. Nxd4 Nf6 5. Nc3 e5 6. Ndb5 d6 7. Bg5 a6 8. Na3 b5 9. Nd5 Be7 10. Bxf6 Bxf6 11. c3 Bg5 12. Nc2 Rb8 13. Be2 O-O 14. O-O a5 15. Qd3 Ne7 16. Nce3 Bxe3 17. Nxe3 Be6 18. Rfd1 Rb6 19. Rd2 Qc7 20. b3 Rc8 21. Rc1 Qc5 22. h3 g6 23. Bg4 Kg7 24. Bxe6 fxe6 25. Rcc2 Rbc6 26. c4 b4 27. Rd1 h5 28. Rcd2 Ng8 29. Nf1 Rf8 30. Qe3 Nf6 31. f3 Rfc8 32. Qxc5 dxc5 33. h4 a4 34. Rd6 Kf7 35. Kf2 Ke7 36. R6d3 Ra6 37. Ne3 Rc7 38. g4 axb3 39. axb3 Ra2+ 40. R1d2 Rxd2+ 41. Rxd2 Ra7 42. g5 Nd7 43. Nd1 Ra3 44. Rb2 Nb8 45. Ne3 Nc6 46. Nc2 Ra8 47. Ke2 Nd4+ 48. Nxd4 exd4 49. f4 Ra1 50. Kf3 Rf1+ 51. Kg3 e5 52. fxe5 Ke6 53. Rf2 Rxf2 54. Kxf2 Kxe5 55. Kf3 d3 56. Ke3 d2 57. Kxd2 Kxe4 58. Ke2 Kf4 59. Kd3 Kf3 60. Kd2 Kg3 61. Ke3 Kxh4 62. Kf4 Kh3 63. Ke5 h4 64. Kf6 Kg4 65. Kxg6 h3 66. Kf6 h2 67. g6 h1=Q 68. g7 Qh7 0-1


[Site "https://www.chess.com"]

[Event "Titled Tuesday Blitz June 14 Late 2022"]
[White "Xiong, Jeffery"]
[Black "Shimanov, Aleksandr"]
[WhiteFideId "2047640"]
[BlackFideId "4198603"]
[WhiteElo "2714"]
[BlackElo "2605"]
[Result "1/2-1/2"]
[Round "04"]
[TimeControl "180+1"]
[Date "2022.06.14"]
[WhiteClock "0:00:04"]
[BlackClock "0:00:01"]

1. e4 d5 2. exd5 Qxd5 3. Nc3 Qe5+ 4. Be2 Bg4 5. d4 Bxe2 6. Ngxe2 Qa5 7. b4 Qh5 8. Qd3 e6 9. b5 Nf6 10. Nf4 Qf5 11. Qxf5 exf5 12. O-O Bd6 13. Re1+ Kd7 14. Nd3 Re8 15. Rd1 Kc8 16. a4 Nbd7 17. Nb2 Ne4 18. Nxe4 fxe4 19. Nc4 Nb6 20. Ne3 a5 21. g3 Bb4 22. Bb2 g6 23. c4 c5 24. dxc5 Bxc5 25. Bd4 Nd7 26. Nd5 Re6 27. Kg2 b6 28. Nf4 Rd6 29. Bc3 Ra7 30. h4 h5 31. Nd5 Re6 32. Ra2 Bf8 33. Nf4 Rd6 34. Nd5 Nc5 35. Bd4 Re6 36. Be3 Rd7 37. Kf1 Kb7 38. Ke2 Nd3 39. Rad2 f5 40. Nf4 Nxf4+ 41. Bxf4 Rxd2+ 42. Rxd2 Kc8 43. Be3 Kc7 44. Rd5 Bd6 45. c5 bxc5 46. Bxc5 Bxc5 47. Rxc5+ Kb6 48. Rc8 Rd6 49. Rg8 Kc5 50. Ra8 Kb4 51. Ra6 Rd7 52. Rxg6 Kxa4 53. Rg5 Rd5 54. b6 Rb5 55. b7 Kb4 56. Rxf5 Rxb7 57. Re5 a4 58. Rxe4+ Kb3 59. Re5 a3 60. Rxh5 Rb4 61. Rd5 a2 62. Rd1 Ka3 63. Ra1 Rb1 64. Rxa2+ Kxa2 65. h5 Kb3 66. Kd3 Rd1+ 67. Ke4 Kc4 68. f4 Re1+ 69. Kf5 Kd5 70. g4 Kd6 71. g5 Ke7 72. Kg6 Kf8 73. Kh7 Re7+ 74. Kh8 Kf7 75. f5 Re8+ 76. Kh7 Rc8 77. h6 Rd8 78. f6 Rc8 79. g6+ Kxf6 80. g7 Kf7 81. g8=Q+ Rxg8 1/2-1/2


[Site "https://www.chess.com"]

[Event "Titled Tuesday Blitz June 14 Late 2022"]
[White "Yaksin, Oleg"]
[Black "Ladan, Nicholas"]
[WhiteFideId "24105880"]
[BlackFideId "30918855"]
[WhiteElo "2256"]
[BlackElo "2167"]
[Result "1-0"]
[Round "04"]
[TimeControl "180+1"]
[Date "2022.06.15"]
[WhiteClock "0:00:15"]
[BlackClock "0:00:12"]

1. d4 d5 2. c4 c6 3. Nf3 Nf6 4. Qb3 g6 5. Bg5 Ne4 6. Nc3 Nxg5 7. Nxg5 e5 8. Nf3 exd4 9. Nxd4 Bg7 10. O-O-O O-O 11. cxd5 cxd5 12. Qxd5 Qb6 13. e3 Nc6 14. Nxc6 bxc6 15. Qb3 Qc7 16. Bc4 Rb8 17. Qa3 h5 18. Rd2 h4 19. h3 Bf5 20. Rhd1 Rb6 21. Na4 Rbb8 22. Nc5 Qe5 23. f4 Qe7 24. e4 Bc8 25. e5 g5 26. Ne4 gxf4 27. Qxe7 1-0


[Site "https://www.chess.com"]

[Event "Titled Tuesday Blitz June 14 Late 2022"]
[White "Yurovskykh, Oleksandr"]
[Black "Zakhartsov, Vladimir"]
[WhiteFideId "14134020"]
[BlackFideId "4145097"]
[WhiteElo "2292"]
[BlackElo "2490"]
[Result "0-1"]
[Round "04"]
[TimeControl "180+1"]
[Date "2022.06.14"]
[WhiteClock "0:00:04"]
[BlackClock "0:00:08"]

1. d4 Nf6 2. Nf3 c5 3. c3 Qc7 4. Bg5 Ne4 5. Bh4 Qb6 6. Qb3 d6 7. e3 Be6 8. Qxb6 axb6 9. a3 Nc6 10. Nbd2 f5 11. Nxe4 fxe4 12. Nd2 d5 13. Be2 g6 14. O-O Bh6 15. Rae1 O-O 16. f4 Bg7 17. Nb3 c4 18. Nd2 b5 19. h3 Bd7 20. g4 e6 21. Rf2 Rf7 22. Nf1 Na7 23. Bd1 Nc8 24. Ng3 Bf8 25. Ref1 Bd6 26. Bg5 Nb6 27. Bh6 b4 28. axb4 Ra2 29. Bg5 Ba4 30. Bd8 Bxd1 31. Bxb6 Bf3 32. g5 h6 33. gxh6 Rh7 34. Bd8 Rxh6 35. h4 Kf7 36. Bg5 Rh8 37. Rb1 Rha8 38. Rxf3 exf3 39. Kf2 Ra1 40. Rxa1 Rxa1 41. Kxf3 Rb1 42. h5 gxh5 43. Nxh5 Rxb2 44. Ng3 Rc2 45. Ne2 Kg6 46. Bd8 Bf8 47. Bh4 Bg7 48. Bd8 Bf6 49. Bc7 Bh4 50. Be5 Be1 51. e4 Bxc3 52. exd5 exd5 53. Ng3 Bxb4 54. f5+ Kf7 55. Ne2 Be7 56. Nf4 b5 57. Nxd5 b4 58. f6 Bf8 59. Ke3 b3 60. Nf4 b2 61. d5 b1=Q 0-1


[Site "https://www.chess.com"]

[Event "Titled Tuesday Blitz June 14 Late 2022"]
[White "Zhigalko, Sergei"]
[Black "Artemenko, Oleg"]
[WhiteFideId "13502956"]
[BlackFideId "14201798"]
[WhiteElo "2662"]
[BlackElo "2287"]
[Result "0-1"]
[Round "04"]
[TimeControl "180+1"]
[Date "2022.06.14"]
[WhiteClock "0:00:03"]
[BlackClock "0:00:18"]

1. e4 e6 2. d4 d5 3. e5 c5 4. c3 Nc6 5. Nf3 Qb6 6. a3 f6 7. Bd3 fxe5 8. dxe5 c4 9. Bc2 Bc5 10. O-O Bd7 11. Nbd2 Nge7 12. b4 cxb3 13. Nxb3 Na5 14. Nbd4 Nc4 15. Rb1 Qa6 16. Ng5 g6 17. Qf3 O-O-O 18. Qh3 Bxd4 19. cxd4 Rdf8 20. Bd3 h6 21. Nf3 g5 22. Bd2 g4 23. Qxg4 Rhg8 24. Qh5 Rxf3 25. Qxf3 Nxd2 26. Rfc1+ Bc6 27. Qe3 Nc4 28. Qxh6 Kd7 29. Rc3 Qa5 30. Rbc1 b5 31. h4 Qb6 32. Qf4 Qd8 33. g3 Rf8 34. Qg4 Nf5 35. Bxf5 Rxf5 36. Qg7+ Kc8 37. Qxa7 Qc7 38. Qa6+ Qb7 39. Qxb7+ Kxb7 40. f4 Be8 41. Kf2 Bh5 42. Rg1 Bg4 43. Rh1 Rh5 44. Rb1 Ka6 45. Rcb3 Nd2 46. Rxb5 Nxb1 47. Rxb1 Rh8 48. Rc1 Kb7 49. Rb1+ Kc7 50. Rc1+ Kd7 51. Rb1 Kc7 52. Rc1+ Kb7 53. Rb1+ Ka7 54. Rc1 Rh7 55. Rc8 Rb7 56. Rg8 Rb2+ 57. Ke1 Bf3 58. Rg6 Kb6 59. Rxe6+ Kb5 60. f5 Kc4 61. f6 Kd3 0-1


[Site "https://www.chess.com"]